 Dungeon Crawl Stone Soup version 0.30.0-29-ga12c61a403 (webtiles) character file.

Game seed: 2515313526339529911

333 cdecastro the Zephyrmancer (level 6, -21/47 HPs)
             Began as a Gnoll Wanderer on June 19, 2023.
             Demolished by an ogre
             ... wielding a +0 giant club
              (23 damage)
             ... on level 4 of the Dungeon.
             The game lasted 00:07:27 (3905 turns).

cdecastro the Zephyrmancer (Gnoll Wanderer)         Turns: 3905, Time: 00:07:27

Health: -21/47     AC: 10    Str: 11    XL:     6   Next: 53%
Magic:  8/14       EV: 11    Int: 14    God:
Gold:   210        SH:  4    Dex: 11    Spells: 6/15 levels left

rFire   . . .        h - +2 short sword (protect)
rCold   + . .        b - +0 buckler
rNeg    . . .        d - +0 robe
rPois   +            j - +0 helmet
rElec   .            (no cloak)
rCorr   .            (no gloves)
SInv    .            (no boots)
Will    .....        (no amulet)
Stlth   ++           m - ring of poison resistance
HPRegen 0.27/turn    s - ring of protection from cold
MPRegen 0.14/turn

%: no passive effects
@: under a protective aura
A: fangs 1, strong nose, distributed training
a: no special abilities


You were on level 4 of the Dungeon.
You visited 1 branch of the dungeon, and saw 5 of its levels.

You collected 210 gold pieces.

Inventory:

Hand Weapons
 h - a +2 short sword of protection (weapon)
Missiles
 a - a throwing net
 i - 17 poisoned darts
Armour
 b - a +0 buckler (worn)
 d - a +0 robe (worn)
 j - a +0 helmet (worn)
Jewellery
 m - a ring of poison resistance (left hand)
 s - a ring of protection from cold (right hand)
Wands
 o - a wand of charming (10)
Scrolls
 e - a scroll of enchant weapon {unknown}
 g - a scroll of silence {unknown}
 p - a scroll of brand weapon {unknown}
 q - a scroll of fog {unknown}
 r - 2 scrolls of noise {unknown}
 t - 4 scrolls of identify {unknown}
 u - a scroll of blinking {unknown}
Potions
 c - 3 potions of haste
 f - a potion of mutation {unknown}
 k - a potion of flight {unknown}
 l - 3 potions of curing {unknown}
 n - 2 potions of invisibility {unknown}


   Skills:
 + Level 3.3 Fighting
 + Level 3.3 Short Blades
 + Level 2.1 Long Blades
 + Level 2.1 Axes
 + Level 2.1 Maces & Flails
 + Level 2.1 Polearms
 + Level 2.1 Staves
 + Level 2.1 Ranged Weapons
 + Level 2.1 Throwing
 + Level 2.1 Armour
 + Level 2.1 Dodging
 + Level 2.1 Stealth
 + Level 3.3 Shields
 + Level 2.1 Unarmed Combat
 + Level 5.4 Spellcasting
 + Level 1.6 Conjurations
 + Level 1.6 Hexes
 + Level 1.6 Summonings
 + Level 1.6 Necromancy
 + Level 1.6 Translocations
 + Level 1.6 Transmutations
 + Level 1.6 Fire Magic
 + Level 1.6 Ice Magic
 + Level 8.9 Air Magic
 + Level 1.6 Earth Magic
 + Level 1.6 Poison Magic
 + Level 2.3 Invocations
 + Level 2.1 Evocations


You had 6 spell levels left.
You knew the following spells:

 Your Spells              Type           Power      Damage    Failure   Level
a - Shock                 Conj/Air       72%        1d7       2%          1
b - Poisonous Vapours     Pois/Air       36%        N/A       4%          2
c - Vhi's Electric Charg  Tloc/Air       36%        N/A       8%          3
d - Mephitic Cloud        Conj/Pois/Air  15%        N/A       13%         3

Your spell library contained the following spells:

 Spells                   Type           Power      Damage    Failure   Level
 Ozocubu's Armour         Ice            8%         N/A       34%         3
 Stone Arrow              Conj/Erth      16%        3d8       34%         3
 Animate Armour           Summ/Erth      16%        N/A       75%         4
 Freezing Cloud           Conj/Ice/Air   7%         6-21      77%         5
 Metabolic Englaciation   Hex/Ice        4%         N/A       97%         5
 Simulacrum               Ice/Necr       4%         N/A       100%        6
 Ozocubu's Refrigeration  Ice            4%         4d8       100%        7
 Lehudib's Crystal Spear  Conj/Erth      4%         10d3      100%        8


Dungeon Overview and Level Annotations

Branches:
Dungeon (5/15)
 Temple: D:4-7

Altars:
Kikubaaqudgha
Makhleb
The Shining One

Shops:
D:4 ==?


Innate Abilities, Weirdness & Mutations

You have very sharp teeth.
Your uncanny sense of smell can sniff out nearby items.
Your experience applies equally to all skills.


Message History

Casting: Poisonous Vapours (safe; 4% risk of failure)
Confirm with . or Enter, or press ? or * to list all spells.
Aiming: Poisonous Vapours (safe; 4% risk of failure)
Press: ? - help, Dir - move target, f/p - ogre
Aim: an ogre, wielding a +0 giant club (lightly wounded, poisoned) Poisonous vapours surround the ogre!
The ogre looks even sicker.
Unknown command.
The orc wizard gestures wildly while chanting.
The orc wizard flickers and vanishes!
Deactivating autopickup; reactivate with Ctrl-A.
The ogre closely misses you.
You climb upwards.
Reactivating autopickup.
There is a stone staircase leading down here.
Unknown command.
Casting: Poisonous Vapours (safe; 4% risk of failure)
Confirm with . or Enter, or press ? or * to list all spells.
Aiming: Poisonous Vapours (safe; 4% risk of failure)
Press: ? - help, Dir - move target, f - ogre
Aim: an ogre, wielding a +0 giant club (moderately wounded, poisoned) Poisonous vapours surround the ogre!
The ogre looks even sicker.
The ogre hits you with a +0 giant club!
Unknown command.
Unknown command.
You hit the ogre.
Your weapon exudes an aura of protection.
The ogre is moderately wounded.
You hit the ogre.
The ogre is heavily wounded.
The ogre hits you with a +0 giant club!!
* * * LOW HITPOINT WARNING * * *
You hit the ogre. You bite the ogre.
The ogre is severely wounded.
You hit the ogre.
The ogre is almost dead.
The ogre hits you with a +0 giant club!
* * * LOW HITPOINT WARNING * * *
The ogre attacks as you move away!
The ogre hits you with a +0 giant club!!
You die...

#..#.......#.# #
#..^..._...#.# #
#..#.......#.### #
#..#...[...#...# #
#..#.......#.#.##########
#..####.####.#...........
#..............#.########
#....#.†O#######.# #####
####.###@#######.####....
#.###..............###
#.........<...###### #
#.#..#..####..# #
#.#.###.# #..# #
#(#..#..# #..# #
#.##...#####..# #
#.####........# # #.#
#.#####.## #


You could see an ogre (poisoned).

Vanquished Creatures
  2 scorpions (D:4)
  2 hounds
  2 iguanas (D:4)
  4 adders
  2 dart slugs
  2 orcs (D:4)
  4 ball pythons
  6 endoplasms
  4 giant cockroaches
  4 goblins
  6 hobgoblins
  2 quokkas
  6 bats
  5 frilled lizards
  7 kobolds
  4 rats
62 creatures vanquished.

Notes
Turn   | Place    | Note
-------+----------+-------------------------------------------
     0 | D:1      | cdecastro the Gnoll Wanderer began the quest for the Orb.
     0 | D:1      | cdecastro set off with the following items: a +0 short
                  | sword, a +0 buckler, a potion of haste, a +0 robe; and the
                  | following spell memorised: Shock; and the following spells
                  | available to memorise: Vhi's Electric Charge, Mephitic
                  | Cloud.
     0 | D:1      | Reached XP level 1. HP: 17/17 MP: 6/6
   241 | D:1      | Reached XP level 2. HP: 23/23 MP: 2/7
  1188 | D:2      | Reached skill level 5 in Spellcasting
  1188 | D:2      | Reached XP level 3. HP: 28/28 MP: 6/9
  1394 | D:2      | Reached skill level 1 in Invocations
  1930 | D:3      | Reached skill level 1 in Long Blades
  1930 | D:3      | Reached skill level 1 in Axes
  1930 | D:3      | Reached skill level 1 in Maces & Flails
  1930 | D:3      | Reached skill level 1 in Polearms
  1930 | D:3      | Reached skill level 1 in Staves
  1930 | D:3      | Reached skill level 1 in Ranged Weapons
  1930 | D:3      | Reached skill level 1 in Throwing
  1930 | D:3      | Reached skill level 1 in Armour
  1930 | D:3      | Reached skill level 1 in Dodging
  1930 | D:3      | Reached skill level 1 in Stealth
  1930 | D:3      | Reached skill level 1 in Unarmed Combat
  1930 | D:3      | Reached skill level 1 in Evocations
  2007 | D:3      | Learned a level 2 spell: Poisonous Vapours
  2011 | D:3      | Learned a level 3 spell: Vhi's Electric Charge
  2015 | D:3      | Learned a level 3 spell: Mephitic Cloud
  2075 | D:3      | Reached XP level 4. HP: 34/34 MP: 7/11
  2258 | D:3      | Reached skill level 1 in Conjurations
  2258 | D:3      | Reached skill level 1 in Hexes
  2258 | D:3      | Reached skill level 1 in Summonings
  2258 | D:3      | Reached skill level 1 in Necromancy
  2258 | D:3      | Reached skill level 1 in Translocations
  2258 | D:3      | Reached skill level 1 in Transmutations
  2258 | D:3      | Reached skill level 1 in Fire Magic
  2258 | D:3      | Reached skill level 1 in Ice Magic
  2258 | D:3      | Reached skill level 1 in Earth Magic
  2258 | D:3      | Reached skill level 1 in Poison Magic
  2936 | D:4      | Found Quolol's Jewellery Shop.
  3086 | D:4      | Found a burning altar of Makhleb.
  3124 | D:4      | Found a glowing golden altar of the Shining One.
  3131 | D:4      | Reached XP level 5. HP: 34/40 MP: 7/12
  3285 | D:4      | Found Gumafoc's Jewellery Shop.
  3325 | D:4      | Found Doukk's Magic Scroll Emporium.
  3550 | D:4      | Found an ancient bone altar of Kikubaaqudgha.
  3699 | D:4      | Reached XP level 6. HP: 33/47 MP: 9/14
  3802 | D:5      | Entered Level 5 of the Dungeon
  3903 | D:4      | HP: 1/47 [ogre/+0 giant club (15)]
  3905 | D:4      | Demolished by an ogre

Illustrated notes

Levels and vault maps discovered:
D:1:      eino_arrival_water_cross, layout_loops_ring, minivault_25
D:2:      layout_rooms
D:3:      layout_basic
D:4:      layout_loops_ring, lemuel_tele_altar,
          mainiacjoe_overflow_large_starburst, serial_shops,
          nicolae_shop_advertising_works [nicolae_subvault_shop_adworks],
          nicolae_shop_behind_doors, shop
D:5:      layout_basic

Skill      XL: |  1  2  3  4  5  6 |
---------------+-------------------+-----
Spellcasting   | 5 |  5.4
Invocations    | 1 2 |  2.3
Long Blades    | 1 2 |  2.1
Axes           | 1 2 |  2.1
Maces & Flails | 1 2 |  2.1
Polearms       | 1 2 |  2.1
Staves         | 1 2 |  2.1
Ranged Weapons | 1 2 |  2.1
Throwing       | 1 2 |  2.1
Armour         | 1 2 |  2.1
Dodging        | 1 2 |  2.1
Stealth        | 1 2 |  2.1
Unarmed Combat | 1 2 |  2.1
Evocations     | 1 2 |  2.1
Conjurations   | 1 |  1.6
Hexes          | 1 |  1.6
Summonings     | 1 |  1.6
Necromancy     | 1 |  1.6
Translocations | 1 |  1.6
Transmutations | 1 |  1.6
Fire Magic     | 1 |  1.6
Ice Magic      | 1 |  1.6
Earth Magic    | 1 |  1.6
Poison Magic   | 1 |  1.6
Fighting       | 3 |  3.3
Short Blades   | 3 |  3.3
Shields        | 3 |  3.3
Air Magic      | |  8.9

Action                     |  1- 3 |  4- 6 || total
---------------------------+-------+-------++-------
  Melee: Short sword       |     4 |    45 ||    49
         Bite              |       |     5 ||     5
   Cast: Shock             |    83 |     3 ||    86
         Poisonous Vapours |     2 |    30 ||    32
 Armour: Robe              |     6 |    11 ||    17
  Dodge: Dodged            |     4 |    24 ||    28
  Block: Buckler           |       |     9 ||     9
